 Dungeon Crawl Stone Soup version 0.25.1-2-g60ff931df9 (webtiles) character file.

Game seed: 18408029160547406542

280 0gre the Chiller (level 6, -6/44 HPs)
             Began as a Merfolk Ice Elementalist on Nov 25, 2020.
             Mangled by Sigmund
             ... wielding a +0 scythe
              (7 damage)
             ... on level 4 of the Dungeon.
             The game lasted 00:18:32 (3729 turns).

0gre the Chiller (Merfolk Ice Elementalist)         Turns: 3729, Time: 00:18:33

Health: -6/44      AC:  4    Str: 10    XL:     6   Next: 27%
Magic:  5/10       EV: 13    Int: 15    God:
Gold:   176        SH:  5    Dex: 14    Spells: 7/11 levels left

rFire    . . .     SeeInvis .   a - +1 spear (distort)
rCold    . . .     Gourm    .   (no shield)
rNeg     . . .     Faith    .   b - +0 robe
rPois    .         Spirit   .   f - +1 helmet
rElec    .         Reflect  +   (no cloak)
rCorr    .         Harm     .   (no gloves)
MR       .....                  (no boots)
Stlth    +++.......             d - amulet of reflection
HPRegen  0.14/turn              m - ring of flight
MPRegen  0.12/turn              (no ring)

@: frozen ramparts
A: change form in water, swift swim, stealthy swim
a: Evoke Flight


You were on level 4 of the Dungeon.
You were hungry.

You visited 1 branch of the dungeon, and saw 4 of its levels.

You collected 176 gold pieces.

Inventory:

Hand Weapons
 a - a +1 spear of distortion (weapon)
Missiles
 k - 79 bolts
 l - 9 stones (quivered)
Armour
 b - a +0 robe (worn)
 f - a +1 helmet (worn)
Jewellery
 d - an amulet of reflection (around neck)
 m - a ring of flight (left hand)
 n - an uncursed amulet of regeneration {unknown}
Wands
 c - a wand of polymorph (3)
Scrolls
 p - 2 scrolls of amnesia
Potions
 e - 3 potions of heal wounds
 h - 2 potions of lignification {unknown}
 i - a potion of haste {unknown}
 j - a potion of berserk rage {unknown}
 o - a potion of brilliance {unknown}
 r - a potion of curing {unknown}
Comestibles
 g - 2 rations


   Skills:
 + Level 1.9 Fighting
 + Level 2.9 Polearms
 + Level 0.3 Throwing
 + Level 3.3 Dodging
 + Level 4.2 Stealth
 + Level 3.1 Spellcasting
 + Level 5.3 Ice Magic


You had 7 spell levels left.
You knew the following spells:

 Your Spells              Type           Power        Failure   Level  Hunger
a - Freeze                Ice            ###.         2%          1    #......
b - Frozen Ramparts       Ice            ###...       7%          3    ###....

Your spell library contained the following spells:

 Spells                   Type           Power        Failure   Level  Hunger
 Animate Skeleton         Necr           N/A          21%         1    #......
 Apportation              Tloc           #.....       21%         1    #......
 Corona                   Hex            #......      21%         1    #......
 Summon Small Mammal      Summ           #...         21%         1    #......
 Ozocubu's Armour         Chrm/Ice       ##......     21%         3    ###....
 Hailstorm                Conj/Ice       ##......     54%         4    #####..
 Summon Ice Beast         Ice/Summ       ##......     54%         4    #####..


Dungeon Overview and Level Annotations

Branches:
Dungeon (4/15)
 Temple: D:4-7

Altars:
Cheibriados
Dithmenos
Fedhas
Gozag

Annotations:
D:4 Sigmund
Abyss:1 Terence


Message History

The frozen ramparts melt away.
You start resting.
Something barely misses you.
You start resting.
Something hits you!
* * * LOW HITPOINT WARNING * * *
You take 9 damage, and have 10/44 hp.
MASSIVE DAMAGE!!
You can't see any susceptible monsters within range! (Use Z to cast anyway.)
The walls around you are covered in ice.
You now have 5/10 mp.
The wall freezes something.
You hear some strange, mumbled words.
A puff of flame appears from out of thin air!
The puff of flame hits you!
* * * LOW HITPOINT WARNING * * *
You see here a ring mail.
You take 9 damage, and have 1/44 hp.
MASSIVE DAMAGE!!
Attack whom?
Okay, then.
The wall freezes something.
The wall freezes something.
Something hits you!
You die...

##.....#.....#._.#....
..#....#.....#...#....
...##.........#...#....
.....#.........##'##....
........................
......##...............#
..... #........##.......
.....##.##....##.......#
.......@#...#..##.......
........#...##.........#
............# ...#..##..
....>........#......# .#
.##............#...#
##.........###..##
#......(.#.. ...
..........##..
..........## .#


There were no monsters in sight!

Vanquished Creatures
  An orc wizard (D:3)
  Robin (D:2)
  A gnoll (D:2)
  2 adders
  A worm (D:3)
  3 dart slugs (D:1)
  3 leopard geckos
  5 orcs (D:3)
  5 bats
  3 giant cockroaches
  19 goblins
  8 hobgoblins
  4 jackals
  2 quokkas (D:3)
  A ball python (D:2)
  5 frilled lizards
  3 kobolds
  A leopard gecko skeleton (D:4)
  10 rats
  3 fungi (D:2)
81 creatures vanquished.

Vanquished Creatures (others)
  A phantom (D:4)
  A howler monkey (D:4)
  A worker ant (D:3)
  An adder (D:2)
  A giant cockroach (D:2)
  A hobgoblin (D:2)
  A jackal (D:2)
  A plant (D:1)
8 creatures vanquished.

Grand Total: 89 creatures vanquished

Notes
Turn   | Place    | Note
-------+----------+-------------------------------------------
     0 | D:1      | 0gre the Merfolk Ice Elementalist began the quest for the
                  | Orb.
     0 | D:1      | Reached XP level 1. HP: 13/13 MP: 3/3
   294 | D:1      | Reached XP level 2. HP: 14/20 MP: 3/5
   692 | D:1      | Reached XP level 3. HP: 12/25 MP: 1/6
  1768 | D:2      | Learned a level 3 spell: Frozen Ramparts
  1784 | D:2      | Reached skill level 1 in Fighting
  1787 | D:2      | Noticed Robin
  1799 | D:2      | Reached skill level 5 in Ice Magic
  1803 | D:2      | Killed Robin
  1803 | D:2      | Reached XP level 4. HP: 7/32 MP: 1/7
  2140 | D:2      | Reached skill level 1 in Polearms
  2319 | D:2      | Found a snail-covered altar of Cheibriados.
  2342 | D:2      | Found a blossoming altar of Fedhas.
  2527 | D:2      | Noticed Terence
  2535 | D:2      | Banished Terence
  2535 | D:2      | Reached XP level 5. HP: 23/37 MP: 5/9
  3433 | D:3      | Found an opulent altar of Gozag.
  3651 | D:4      | Found a shadowy altar of Dithmenos.
  3651 | D:4      | Noticed a phantom
  3655 | D:4      | Banished a phantom
  3655 | D:4      | Reached XP level 6. HP: 44/44 MP: 6/10
  3709 | D:4      | Noticed Sigmund
  3727 | D:4      | HP: 1/44 [something/puff of flame (9)]
  3729 | D:4      | Mangled by Sigmund

Illustrated notes

Levels and vault maps discovered:
D:1:      lemuel_arrival_muddy, layout_loops_ring, corexii_hall_statues_s,
          serial_bayou_lagoon_a, roderic_serpentine_path
D:2:      layout_basic, cheibriados_altar_1, fedhas_altar_3,
          minmay_pentomino_o2, uniq_terence, uniq_robin
D:3:      layout_loops_ring, nicolae_gozag_cash_rules_everything_around_me,
          kennysheep_generic_room_5
D:4:      layout_cave_pools, first_ration, grunt_dithmenos_shadows, uniq_sigmund

Skill      XL: |  1  2  3  4  5 |
---------------+----------------+-----
Fighting       | 1 |  1.9
Ice Magic      | 5 |  5.3
Stealth        | 3 4 |  4.2
Polearms       | 1 2 |  2.9
Dodging        | 3 |  3.3
Spellcasting   | 3 |  3.1
Throwing       | |  0.3

Action                   |  1- 3 |  4- 6 || total
-------------------------+-------+-------++-------
Melee: Dagger            |    83 |       ||    83
       Spear             |    12 |    96 ||   108
       Tailslap          |     2 |       ||     2
Throw: Stone             |       |    18 ||    18
 Cast: Freeze            |    15 |       ||    15
       Frozen Ramparts   |     2 |     8 ||    10
  Use: Scroll            |       |     4 ||     4
 Stab: Sleeping          |     6 |     6 ||    12
  Eat: Chunk             |     3 |     3 ||     6
       Ration            |       |     1 ||     1
Armor: Robe              |     6 |    11 ||    17
Dodge: Dodged            |    52 |    27 ||    79
Block: Other             |    15 |    14 ||    29
